 Dungeon Crawl Stone Soup version 0.28.0-43-g3370ac3207 (webtiles) character file.

Game seed: 7532305616508411031

286915 pkoi the Stormcaller (level 19, -7/144 HPs)
             Began as a Green Draconian Air Elementalist on Mar 11, 2022.
             Was the Champion of Hepliaklqana.
             Killed from afar by an ancient lich (105 damage)
             ... with a crystal spear
             ... on level 2 of the Vaults on Mar 14, 2022.
             The game lasted 02:59:21 (79134 turns).

pkoi the Stormcaller (DrAE)                        Turns: 79134, Time: 02:59:22

Health: -7/144     AC: 17    Str: 13    XL:     19   Next: 84%
Magic:  10/36      EV: 16    Int: 27    God:    Hepliaklqana [******]
Gold:   2857       SH:  0    Dex: 12    Spells: 14/44 levels left

rFire   . . .      SeeInvis +     - Unarmed
rCold   . . .      Faith    .   (no shield)
rNeg    . . .      Spirit   .   (armour unavailable)
rPois   +          Reflect  .   f - +0 mask of the Dragon {Will+ Slay+3 SInv}
rElec   .          Harm     .   y - +1 cloak
rCorr   .          Rampage  .   V - +1 pair of gloves {hurl}
Will    +++..                   j - +2 pair of boots
Stlth   +++.......              u - amulet of magic regeneration
HPRegen 0.34/turn               t - ring of willpower
MPRegen 0.65/turn               z - +6 ring of intelligence

@: studying Translocations
A: reduced essence, breathe noxious fumes, AC +10, unfitting armour, stinger 1,
poison resistance, cold-blooded
}: 2/15 runes: barnacled, gossamer
a: Breathe Noxious Fumes, Renounce Religion, Recall Ancestor, Ancestor Identity,
Transference, Idealise


You were on level 2 of the Vaults.
You worshipped Hepliaklqana.
Hepliaklqana was exalted by your worship.
You visited 8 branches of the dungeon, and saw 37 of its levels.
You also visited: Sewer and Gauntlet.

You collected 4451 gold pieces.
You spent 1594 gold pieces at shops.

Inventory:

Hand Weapons
 q - a +3 whip of electrocution
Missiles
 K - 14 throwing nets
Armour
 f - the +0 mask of the Dragon (worn) {Will+ Slay+3 SInv}
   (You acquired it on level 4 of the Dungeon)

   Slay:      It affects your accuracy & damage with ranged weapons and melee
   (+3).
   SInv:      It lets you see invisible.
   Will:      It increases your willpower.
 j - a +2 pair of boots (worn)
 y - a +1 cloak (worn)
 A - a +1 hat of intelligence
 V - a +1 pair of gloves of hurling (worn)
Jewellery
 b - the ring "Gaheach" {*Slow rF+ rC++ Str-2 Dex+9}
   (You found it on level 4 of the Shoals)

   [ring of protection from fire]

   Str:       It affects your strength (-2).
   Dex:       It affects your dexterity (+9).
   rF:        It protects you from fire.
   rC:        It greatly protects you from cold.
   *Slow:     It may slow you when you take damage.
 c - a ring of fire
 d - a ring of resist corrosion
 t - a ring of willpower (left hand)
 u - an amulet of magic regeneration (around neck)
 v - an amulet of reflection
 z - a +6 ring of intelligence (right hand)
 D - a +4 ring of protection
 G - a ring of flight
 J - a ring of protection from cold
 Q - a ring of magical power
 T - the ring "Vippuosh" {rElec rN+}
   (You took it off a deep elf zephyrmancer on level 3 of the Elven Halls)

   [ring of positive energy]

   rElec:     It insulates you from electricity.
   rN:        It protects you from negative energy.
 U - a +6 ring of strength
Wands
 h - a wand of charming (5)
 o - a wand of polymorph (7)
 B - a wand of flame (48)
 C - a wand of iceblast (25)
 I - a wand of acid (3)
 N - a wand of digging (9)
 S - a wand of mindburst (3)
Scrolls
 a - 13 scrolls of identify
 k - 9 scrolls of teleportation
 m - 4 scrolls of amnesia
 n - 6 scrolls of enchant armour
 w - 2 scrolls of fear
 E - 4 scrolls of magic mapping
 F - 4 scrolls of enchant weapon
 M - a scroll of fog
 O - 2 scrolls of summoning
 R - a scroll of holy word
Potions
 e - 2 potions of cancellation
 g - 10 potions of curing
 i - 4 potions of ambrosia
 l - 6 potions of haste
 p - 2 potions of brilliance
 r - 4 potions of resistance
 s - 12 potions of heal wounds
 x - 4 potions of might
 H - 5 potions of flight
 L - a potion of berserk rage
 P - 4 potions of magic


   Skills:
 + Level 12.0 Fighting
 + Level 9.8 Dodging
 - Level 6.0 Stealth
 + Level 15.0 Unarmed Combat
 + Level 13.2 Spellcasting
 - Level 1.0 Conjurations
 - Level 7.4 Summonings
 + Level 11.8 Translocations
 + Level 16.1 Transmutations
 - Level 6.0 Ice Magic
 + Level 16.1 Air Magic
 - Level 6.0 Invocations


You had 14 spell levels left.
You knew the following spells:

 Your Spells              Type           Power      Damage    Failure   Level
a - Shock                 Conj/Air       100%       1d9       1%          1
b - Swiftness             Air            81%        N/A       0%          3
c - Airstrike             Air            40%        N/A       1%          4
d - Call Canine Familiar  Summ           55%        N/A       1%          3
e - Blink                 Tloc           100%       N/A       1%          2
f - Manifold Assault      Tloc           69%        N/A       1%          5
g - Storm Form            Tmut/Air       40%        N/A       3%          7
h - Apportation           Tloc           100%       N/A       1%          1
i - Summon Ice Beast      Ice/Summ       52%        N/A       1%          4

Your spell library contained the following spells:

 Spells                   Type           Power      Damage    Failure   Level
 Wereblood                Tmut           81%        N/A       0%          2
 Summon Small Mammal      Summ           100%       N/A       1%          1
 Corpse Rot               Necr/Air       100%       N/A       1%          2
 Static Discharge         Conj/Air       59%        N/A       1%          2
 Frozen Ramparts          Ice            100%       1d12      1%          3
 Gell's Gravitas          Tloc           69%        N/A       1%          3
 Lesser Beckoning         Tloc           69%        N/A       1%          3
 Ozocubu's Armour         Ice            50%        N/A       1%          3
 Portal Projectile        Hex/Tloc       98%        N/A       1%          3
 Summon Guardian Golem    Hex/Summ       37%        N/A       1%          3
 Teleport Other           Tloc           69%        N/A       1%          3
 Ice Form                 Ice/Tmut       67%        N/A       1%          4
 Summon Forest            Summ/Tloc      31%        N/A       1%          5
 Foxfire                  Conj/Fire      80%        2x1d8     2%          1
 Iskenderun's Mystic Bla  Conj/Tloc      51%        2d11      2%          4
 Lightning Bolt           Conj/Air       29%        1d46      2%          5
 Pain                     Necr           68%        1d7       3%          1
 Slow                     Hex            68%        N/A       3%          1
 Alistair's Intoxication  Tmut/Pois      38%        N/A       3%          5
 Freezing Cloud           Conj/Ice/Air   28%        6-21      3%          5
 Silence                  Hex/Air        28%        N/A       3%          5
 Sublimation of Blood     Necr           17%        N/A       4%          2
 Conjure Flame            Conj/Fire      20%        6-21      8%          3
 Dazzling Flash           Conj/Hex       40%        N/A       8%          3
 Confusing Touch          Hex            17%        N/A       10%         3
 Inner Flame              Hex/Fire       17%        N/A       10%         3
 Tukima's Dance           Hex            17%        N/A       10%         3
 Vampiric Draining        Necr           17%        2d7       10%         3
 Eringya's Noxious Bog    Tmut/Pois      28%        N/A       17%         6
 Statue Form              Tmut/Erth      38%        N/A       17%         6
 Summon Mana Viper        Hex/Summ       37%        N/A       19%         5
 Summon Cactus Giant      Summ           27%        N/A       22%         6
 Flame Wave               Conj/Fire      20%        2d7       26%         4
 Fulminant Prism          Conj/Hex       10%        3d9       26%         4
 Anguish                  Hex/Necr       8%         N/A       30%         4
 Animate Dead             Necr           8%         N/A       30%         4
 Dispel Undead            Necr           17%        3d10      30%         4
 Leda's Liquefaction      Hex/Erth       8%         N/A       30%         4
 Agony                    Necr           17%        N/A       65%         5
 Excruciating Wounds      Necr           8%         N/A       65%         5
 Lee's Rapid Deconstruct  Erth           8%         3d8*      65%         5
 Monstrous Menagerie      Summ           27%        N/A       77%         7
 Summon Hydra             Summ           27%        N/A       77%         7
 Ozocubu's Refrigeration  Ice            25%        4d10      92%         7
 Starburst                Conj/Fire      10%        6d5       98%         6
 Death Channel            Necr           8%         N/A       99%         6
 Haunt                    Necr/Summ      18%        N/A       99%         7
 Enfeeble                 Hex            8%         N/A       100%        7
 Infestation              Necr           8%         N/A       100%        8
 Necromutation            Tmut/Necr      28%        N/A       100%        8
 Summon Horrible Things   Summ           27%        N/A       100%        8


Dungeon Overview and Level Annotations

Branches:
Dungeon (15/15)            Temple (1/1) D:7            Lair (6/6) D:11
 Shoals (4/4) Lair:3       Spider (4/4) Lair:2        Slime (0/5) Lair:6
    Orc (2/2) D:9             Elf (3/3) Orc:2        Vaults (2/5) D:14
 Depths (0/4) D:15          Sewer (visited)         Gauntlet (visited)
  Crypt: Vaults:2-3

Altars:
Ashenzari
Cheibriados
Dithmenos
Elyvilon
Fedhas
Gozag
Hepliaklqana
Kikubaaqudgha
Makhleb
Nemelex Xobeh
Okawaru
Qazlal
Ru
Sif Muna
Trog
Uskayaw
Vehumet
Wu Jian
Xom
Yredelemnul
Zin
The Shining One
Beogh
Lugonu

Shops:
D:4 ?   Orc:1 (   Orc:2 !([(   Elf:3 :   Shoals:1 [

Portals:
Trove: D:10 (give 5 scrolls of blinking)

Annotations:
D:13 3 runed translucent doors, smarlow's ghost, journeyman SpEn
D:14 Roxanne
Shoals:2 2 transporters, Jenx's ghost, journeyman MiBe
Shoals:3 Mara
Spider:2 Bai Suzhen


Innate Abilities, Weirdness & Mutations

Your life essence is reduced to manifest your ancestor. (-10% HP)
You can breathe blasts of noxious fumes.
Your lurid green scales are hard. (AC +10)
You cannot fit into any form of body armour.
Your tail ends in a venomous barb.
Your system is resistant to poisons. (rPois)
You are cold-blooded and may be slowed by cold attacks.


Message History

You hit the ancient lich but do no damage.
Your wolf bites the ancient lich but does no damage.
Octavia hits the ancient lich with a +0 broad axe of flaming!
Octavia burns the ancient lich.
You hit the ancient lich but do no damage.
Your tail-slap misses the ancient lich.
The ancient lich is heavily damaged.
Your wolf misses the ancient lich.
The ancient lich touches you but does no damage.
Your wolf bites the ancient lich.
Octavia misses the ancient lich.
Unknown command.
You punch the ancient lich!
You tail-slap the ancient lich, but do no damage.
The ancient lich is heavily damaged.
The ancient lich gestures at you while chanting.
The crystal spear hits you!!!
* * * LOW HITPOINT WARNING * * *
Your wolf misses the ancient lich.
You hit the ancient lich but do no damage.
You tail-slap the ancient lich, but do no damage.
The ancient lich is heavily damaged.
The ancient lich touches you but does no damage.
Octavia hits the ancient lich but does no damage.
Your wolf barely misses the ancient lich.
Unknown command.
You pummel the ancient lich!!
The ancient lich is severely damaged.
The ancient lich touches you but does no damage.
Your wolf bites the ancient lich.
Octavia hits the ancient lich with a +0 broad axe of flaming!
Unknown command.
You catch the helpless ancient lich completely off-guard!
You hit the ancient lich but do no damage.
You punch the ancient lich, but do no damage.
The ancient lich is almost destroyed.
Your wolf bites the ancient lich but does no damage.
The ancient lich gestures at you while chanting.
The crystal spear hits you!!!!
Ouch! That really hurt!
You die...

#####
#####...#
#...#...#
#...'.[.#
#.$.'...##'###
+...##'###..h#
###+ #...#.LR#
#.!.#.@.#
#...#####
##'## ). .$
L..


You could see the friendly Octavia the knight, an ancient lich (fast, ally
target) and a friendly wolf (summoned).

Vanquished Creatures
  A deep elf master archer (Elf:3)
  The ghost of Ecalaupn the Fighter, an adept DrBe of Trog (Spider:4)
  3 krakens
  Kirke (Lair:5)
  A frost giant (Shoals:4)
  2 emperor scorpions (Spider:4)
  8 deep elf sorcerers (Elf:3)
  A ghost moth (Spider:4)
  Louise (Shoals:4)
  4 deep elf elementalists (Elf:3)
  A broodmother (Spider:2)
  A very ugly thing (Vaults:1)
  An ironbound preserver (Vaults:1)
  2 ironbound thunderhulks (Vaults:1)
  3 deep elf annihilators (Elf:3)
  2 deep elf demonologists
  An entropy weaver (Spider:3)
  2 merfolk javelineers (Shoals:4)
  Snorg (Lair:5)
  4 deep elf death magi
  Josephine (D:15)
  3 deep elf high priests (Elf:3)
  9 merfolk impalers
  Fannar (Orc:1)
  2 vault guards (Vaults:1)
  Erica (D:8)
  2 hydras (D:14)
  6 boulder beetles
  3 ogre magi (Orc:2)
  4 centaur warriors
  An ironbound frostheart (Vaults:1)
  A jorogumo (Spider:4)
  6 merfolk avatars
  22 dancing weapons
  A radroach (Spider:3)
  12 two-headed ogres
  4 death scarabs (Spider:4)
  3 death yaks
  6 merfolk aquamancers
  Urug (Orc:1)
  An orc high priest (Elf:3)
  21 deep elf knights
  The ghost of BobtheApe the Covert, a novice KoBr of Wu Jian (D:9)
  5 pharaoh ants
  6 deep trolls (Vaults:1)
  8 sea snakes
  6 orb spiders
  5 steelbarb worms
  12 deep elf archers
  5 ironbound convokers
  A lindwurm (Lair:6)
  3 wizards
  28 deep elf zephyrmancers
  The ghost of safid the Cleaver, a novice HOFi (D:9)
  9 harpies
  5 ugly things (Vaults:1)
  26 deep elf pyromancers
  2 orc knights
  7 wolf spiders
  A necromancer (D:15)
  10 fauns
  2 orc sorcerers (D:15)
  7 cyclopes
  5 manticores
  5 moths of wrath
  7 black mambas
  12 elephants
  10 water nymphs
  15 merfolk sirens
  A gargoyle (D:11)
  2 unseen horrors
  8 cane toads
  8 demonic crawlers
  2 spectral redbacks (Spider:4)
  2 torpor snails
  8 yaktaurs (Vaults:1)
  2 efreet
  2 rime drakes
  2 kobold demonologists (D:10)
  9 komodo dragons
  3 tengu conjurers (D:15)
  4 polar bears
  5 meliai
  22 merfolk
  2 trolls (D:11)
  11 wind drakes
  A spectral culicivora (Spider:4)
  A spectral jumping spider (Spider:4)
  A spectral tarantella (Spider:4)
  A wolf spider simulacrum (D:15)
  13 slime creatures
  A tarantella zombie (Spider:4)
  8 tarantellas
  2 jumping spider zombies (Spider:4)
  9 dream sheep
  A raiju (shapeshifter) (D:15)
  11 jumping spiders
  5 snapping turtles
  A shadow (D:10)
  5 air elementals
  A wyvern (Lair:5)
  10 culicivoras
  4 water elementals
  13 yaks
  4 wraiths (D:15)
  11 humans (D:14)
  5 fire elementals
  A hog (Lair:5)
  6 basilisks
  13 redbacks
  A steam dragon (D:8)
  A warg (D:15)
  2 vampire mosquitoes (D:12)
  7 water moccasins
  11 orc warriors
  3 ice beasts
  A black bear (shapeshifter) (Elf:3)
  2 black bears
  A sky beast (D:6)
  6 wolves
  3 centaurs
  4 boggarts (D:15)
  27 ogres
  4 kobold brigands
  6 bullfrogs
  3 scorpions
  2 earth elementals
  2 gnoll sergeants
  A wyvern skeleton (D:5)
  2 water moccasin skeletons
  12 killer bees
  5 electric eels
  3 wights (D:6)
  3 crimson imps (D:9)
  4 centaur zombies
  9 orc priests
  3 centaur skeletons
  2 gnoll shamans
  6 hounds
  4 jellies
  Crazy Yiuf (D:5)
  Jessica (D:3)
  An ancestor (D:9)
  2 iguanas
  10 orc wizards
  3 howler monkey zombies
  13 gnolls
  8 adders
  6 river rats (Sewer)
  A white imp (D:5)
  An ufetubus (D:5)
  A worm (D:4)
  4 dart slugs
  43 orcs
  8 endoplasms
  5 giant cockroaches
  13 goblins
  6 hobgoblins
  A jackal (Sewer)
  25 kobolds
  4 quokkas
  19 ball pythons
  10 bats
  A frilled lizard (Sewer)
  10 rats
  4 tentacles (Shoals:3)
918 creatures vanquished.

Vanquished Creatures (collateral kills)
  A deep elf blademaster (Elf:3)
  A deep elf master archer (Elf:3)
  2 deep elf sorcerers (Elf:3)
  A vault warden (Vaults:1)
  An emperor scorpion (Spider:4)
  3 deep elf elementalists (Elf:3)
  2 ironbound preservers (Vaults:1)
  2 broodmothers (Spider:2)
  3 deep elf annihilators (Elf:3)
  A deep elf demonologist (Elf:3)
  A spark wasp (Spider:4)
  A deep elf death mage (Elf:3)
  4 deep elf high priests
  A merfolk impaler (Shoals:4)
  An ogre mage (Orc:2)
  A boulder beetle (Spider:4)
  A catoblepas (Lair:6)
  3 hydras
  2 alligator snapping turtles (Shoals:3)
  A centaur warrior (D:14)
  A deep troll shaman (Lair:6)
  2 merfolk aquamancers
  A death scarab (Spider:4)
  5 dancing weapons
  A satyr (Shoals:4)
  4 two-headed ogres
  4 death yaks
  A tengu warrior (D:15)
  7 deep elf knights
  Nergalle (Lair:1)
  2 pharaoh ants (Spider:4)
  3 deep trolls (Vaults:1)
  2 sea snakes
  2 steelbarb worms
  An orb spider (Spider:2)
  An orc knight (D:12)
  An ironbound convoker (Vaults:1)
  13 harpies
  2 wolf spider zombies (Spider:4)
  4 deep elf archers
  3 deep elf zephyrmancers
  The ghost of nickcage the Basher, a novice MiFi of Hepliaklqana (D:9)
  4 wolf spiders
  An ugly thing (Vaults:1)
  A spectral wolf spider (Spider:4)
  6 deep elf pyromancers
  2 manticores
  A faun (Shoals:1)
  2 cyclopes (D:14)
  A merfolk siren (Shoals:1)
  A naga mage (D:15)
  6 elephants
  A moth of wrath (Spider:4)
  2 water nymphs
  A black mamba (Lair:5)
  2 torpor snails
  A gargoyle (D:13)
  2 unseen horrors (D:12)
  3 spectral redbacks (Spider:4)
  A cane toad (Lair:4)
  A kobold demonologist (D:10)
  2 komodo dragons
  2 redback zombies (Spider:4)
  4 demonic crawlers
  A troll (D:13)
  11 merfolk
  3 meliai
  2 wind drakes
  A hornet (D:9)
  A culicivora zombie (Spider:4)
  7 tarantellas
  A spectral tarantella (Spider:4)
  3 dream sheep
  6 snapping turtles
  6 slime creatures
  A wyvern (Lair:5)
  2 air elementals (Elf:1)
  A centaur simulacrum (D:11)
  6 jumping spiders
  10 yaks
  A culicivora (Spider:2)
  A spriggan (shapeshifter) (D:15)
  2 water elementals
  2 basilisks
  2 wraiths
  A fire elemental (Elf:3)
  5 humans (D:14)
  6 redbacks
  A vampire mosquito (D:12)
  3 orc warriors
  An ogre (Orc:2)
  4 wolves (Lair:6)
  The ghost of vvl the Stinger, an amateur DsVM (D:3)
  A centaur (D:14)
  A bullfrog (Lair:1)
  3 killer bees
  2 orc priests
  A gnoll (D:11)
  6 orcs
  An endoplasm (D:3)
  2 training dummies (Elf:3)
  2 bats (Orc:2)
  A rat (D:3)
  2 tentacles (Shoals:1)
256 creatures vanquished.

Vanquished Creatures (others)
  A deep elf master archer (Elf:3)
  A water elemental (Elf:2)
  An ancestor (D:8)
  23 knights
  18 demonic plants
  36 fungi
  155 plants
  31 tentacles
266 creatures vanquished.

Grand Total: 1440 creatures vanquished

Notes
Turn   | Place    | Note
-------+----------+-------------------------------------------
     0 | D:1      | pkoi the Draconian Air Elementalist began the quest for the
                  | Orb.
     0 | D:1      | Reached XP level 1. HP: 14/14 MP: 3/3
   243 | D:1      | Reached XP level 2. HP: 20/20 MP: 0/5
   765 | D:1      | Found a faded altar of an unknown god.
   995 | D:1      | You fall into a shaft and drop 1 floor!
  1346 | D:1      | Reached XP level 3. HP: 26/26 MP: 2/6
  2686 | D:3      | Noticed vvl's ghost (amateur DsVM)
  2832 | D:3      | Found a runed translucent gate.
  2832 | D:3      | Found a runed translucent gate.
  2832 | D:3      | Found a runed translucent gate.
  2851 | D:3      | Reached XP level 4. HP: 31/33 MP: 1/7
  2855 | D:3      | Reached skill level 5 in Air Magic
  2978 | D:3      | Learned a level 3 spell: Swiftness
  3052 | D:3      | Noticed Jessica
  3057 | D:3      | Killed Jessica
  3298 | D:4      | Noticed an ogre
  3301 | D:4      | Reached XP level 5. HP: 38/38 MP: 5/8
  3388 | D:4      | Noticed an ogre
  3397 | D:4      | Killed an ogre
  3439 | D:3      | Killed an ogre
  3440 | D:3      | Reached XP level 6. HP: 18/45 MP: 0/9
  3787 | D:4      | Found a glowing drain.
  3802 | Sewer    | Entered a sewer
  5617 | D:4      | Your scales start taking on a lurid green colour.
  5617 | D:4      | Reached XP level 7. HP: 50/50 MP: 4/10
  5617 | D:4      | Gained mutation: Your system is resistant to poisons.
                  | (rPois) [Green Draconian growth]
  5622 | D:4      | Identified a scroll of acquirement
  5622 | D:4      | Acquired the +0 mask of the Dragon {Will+ Slay+3 SInv}
  5622 | D:4      | Found the +0 mask of the Dragon {Will+ Slay+3 SInv}
  5686 | D:4      | Reached skill level 1 in Unarmed Combat
  5878 | D:4      | Found Maoneon's Magic Scroll Emporium.
  5900 | D:4      | Bought a scroll of blinking for 90 gold pieces
  6370 | D:5      | Entered Level 5 of the Dungeon
  7576 | D:5      | Reached XP level 8. HP: 46/57 MP: 5/11
  7636 | D:5      | Learned a level 4 spell: Airstrike
  7751 | D:5      | Found a runed translucent door.
  7752 | D:5      | Noticed Crazy Yiuf
  8069 | D:5      | Found a glowing silver altar of Zin.
  8120 | D:5      | Killed Crazy Yiuf
  8121 | D:5      | Reached skill level 1 in Fighting
  8957 | D:6      | Reached skill level 5 in Unarmed Combat
  9287 | D:6      | Identified the +0 ring mail of the Land of Plenty {rC-
                  | Regen+ Str+4 Slay+2}
  9633 | D:7      | Reached XP level 9. HP: 70/70 MP: 2/14
  9746 | D:7      | Found a staircase to the Ecumenical Temple.
  9829 | Temple   | Entered the Ecumenical Temple
 10168 | Temple   | Became a worshipper of Hepliaklqana the Forgotten
 10479 | D:7      | Reached skill level 10 in Air Magic
 11786 | D:8      | Reached skill level 5 in Fighting
 11918 | D:8      | Learned a level 3 spell: Call Canine Familiar
 11958 | D:8      | Reached * piety under Hepliaklqana
 12306 | D:8      | Reached skill level 5 in Spellcasting
 12306 | D:8      | Reached skill level 1 in Summonings
 12580 | D:7      | Reached XP level 10. HP: 69/72 MP: 2/17
 13275 | D:8      | Noticed Erica
 13286 | D:8      | Killed Erica
 13467 | D:9      | Got Tidol's Collected Works on the Frostbite and Ignition
 13877 | D:9      | Found a shimmering altar of Xom.
 14401 | D:9      | Reached ** piety under Hepliaklqana
 14402 | D:9      | Remembered your ancestor Octavia as a knight
 14412 | D:9      | Found a staircase to the Orcish Mines.
 14426 | D:9      | Noticed a two-headed ogre
 14450 | D:9      | Killed a two-headed ogre
 14499 | D:9      | Found a runed translucent gate.
 14499 | D:9      | Found a runed translucent gate.
 14500 | D:9      | Found a runed translucent gate.
 14503 | D:9      | Noticed safid's ghost (novice HOFi)
 14503 | D:9      | Noticed nickcage's ghost (novice MiFi)
 14504 | D:9      | Noticed BobtheApe's ghost (novice KoBr)
 14814 | D:10     | Entered Level 10 of the Dungeon
 15332 | D:10     | Found a corrupted altar of Lugonu.
 15361 | D:10     | Reached *** piety under Hepliaklqana
 15476 | D:10     | Reached XP level 11. HP: 79/81 MP: 7/20
 15544 | D:10     | Found a portal to a secret trove of treasure.
 16044 | D:11     | Reached skill level 5 in Dodging
 16337 | D:11     | Found a staircase to the Lair.
 17144 | D:3      | Killed vvl's ghost
 17978 | D:12     | Reached **** piety under Hepliaklqana
 18151 | Lair:1   | Entered Level 1 of the Lair of Beasts
 18482 | Lair:1   | Noticed Nergalle
 18489 | Lair:1   | Killed Nergalle
 19206 | Lair:2   | Noticed a death yak
 19207 | Lair:2   | Noticed a death yak
 19208 | Lair:2   | Noticed a death yak
 19208 | Lair:2   | Noticed a death yak
 19648 | Lair:2   | Reached ***** piety under Hepliaklqana
 19664 | Lair:2   | Noticed a boulder beetle
 19729 | Lair:1   | Killed a boulder beetle
 19730 | Lair:1   | Reached XP level 12. HP: 27/92 MP: 4/22
 20308 | Lair:2   | Found a hole to the Spider Nest.
 21036 | Lair:1   | Killed a death yak
 21279 | Lair:1   | Killed a death yak
 21315 | Lair:1   | Killed a death yak
 21316 | Lair:1   | Reached skill level 5 in Summonings
 21584 | Lair:2   | Killed a death yak
 21767 | Lair:3   | Learned a level 2 spell: Blink
 21773 | Lair:3   | Learned a level 5 spell: Manifold Assault
 21849 | Lair:3   | Reached skill level 1 in Translocations
 22119 | Lair:3   | Noticed an eight-headed hydra
 22338 | Lair:3   | Killed an eight-headed hydra
 22412 | Lair:3   | Found a staircase to the Shoals.
 22990 | Lair:4   | Learned a level 7 spell: Storm Form
 23082 | Lair:4   | Reached skill level 1 in Transmutations
 23236 | Lair:4   | Found a gate leading to a gauntlet.
 23253 | Gauntlet | Entered a Gauntlet
 23253 | Gauntlet | Found a transporter.
 23253 | Gauntlet | Found a transporter.
 23253 | Gauntlet | Found a transporter.
 23301 | Gauntlet | Found a transporter.
 23304 | Gauntlet | Found a transporter.
 23311 | Gauntlet | Noticed a death scarab
 23318 | Gauntlet | Found a transporter.
 23318 | Gauntlet | Found a transporter.
 23328 | Gauntlet | Found a transporter.
 23419 | Gauntlet | Found a transporter.
 23429 | Gauntlet | Found a transporter.
 23433 | Gauntlet | Found a transporter.
 23443 | Gauntlet | Found a transporter.
 24141 | Lair:4   | Found a broken altar of Ashenzari.
 24223 | Lair:4   | Reached skill level 10 in Unarmed Combat
 24468 | Lair:5   | Reached XP level 13. HP: 99/99 MP: 10/25
 24780 | Lair:5   | Noticed Snorg
 25007 | Lair:5   | Reached ****** piety under Hepliaklqana
 25406 | Lair:4   | Reached skill level 5 in Translocations
 25545 | Lair:5   | Killed Snorg
 25772 | Lair:5   | Noticed Kirke
 25785 | Lair:5   | Killed Kirke
 26281 | Lair:6   | Entered Level 6 of the Lair of Beasts
 26658 | Lair:6   | Reached skill level 5 in Transmutations
 26989 | Lair:6   | Found a staircase to the Slime Pits.
 27951 | Lair:6   | Identified the +2 ring mail "Bimpuit" {Dex+2}
 28435 | Orc:1    | Entered Level 1 of the Orcish Mines
 28471 | Orc:1    | Found Ylusy's Weapon Shoppe.
 28933 | Orc:1    | Noticed Urug
 28938 | Orc:1    | Killed Urug
 28938 | Orc:1    | Noticed Fannar
 28939 | Orc:1    | Reached skill level 1 in Invocations
 28939 | Orc:1    | Gained mutation: Your tail ends in a venomous barb. [Green
                  | Draconian growth]
 28939 | Orc:1    | Reached XP level 14. HP: 106/106 MP: 9/27
 28981 | Orc:1    | Killed Fannar
 29254 | Orc:2    | Entered Level 2 of the Orcish Mines
 31012 | Orc:2    | Found Qingaetu's Distillery.
 31012 | Orc:2    | Found Kuhus's Armour Shop.
 31013 | Orc:2    | Found Waetudgh's Antique Weapon Shop.
 31013 | Orc:2    | Found Qoheduaf's Antique Weapon Shoppe.
 31053 | Orc:2    | Bought a potion of degeneration for 16 gold pieces
 31060 | Orc:2    | Found a staircase to the Elven Halls.
 31207 | Orc:2    | Reached skill level 5 in Invocations
 31564 | Shoals:1 | Entered Level 1 of the Shoals
 31807 | Spider:1 | Entered Level 1 of the Spider Nest
 32955 | D:13     | Noticed smarlow's ghost (journeyman SpEn)
 33335 | D:13     | Found a runed translucent gate.
 33335 | D:13     | Found a runed translucent gate.
 33335 | D:13     | Found a runed translucent gate.
 33947 | Lair:3   | Reached skill level 10 in Transmutations
 35652 | Shoals:1 | Reached XP level 15. HP: 111/111 MP: 16/28
 36382 | Shoals:1 | Found Hisch's Armour Boutique.
 36517 | Shoals:1 | Reached skill level 10 in Spellcasting
 36651 | Shoals:1 | Noticed a kraken
 37598 | D:9      | Killed safid's ghost
 37600 | D:9      | Killed nickcage's ghost
 37606 | D:9      | Killed BobtheApe's ghost
 37659 | D:9      | Identified the +0 leather armour "Roweovia" {rElec}
 37671 | D:9      | Identified the +0 leather armour of the Shore {rF+ Str+2}
 44625 | Spider:3 | Noticed Bai Suzhen
 46153 | Shoals:1 | Reached XP level 16. HP: 98/118 MP: 17/32
 46249 | Shoals:2 | Found a transporter.
 46261 | Shoals:2 | Found a transporter.
 46263 | Shoals:2 | Noticed Jenx's ghost (journeyman MiBe)
 46265 | Shoals:2 | Found a bloodstained altar of Trog.
 46600 | Shoals:2 | Learned a level 1 spell: Apportation
 47586 | Shoals:3 | Noticed Mara
 48170 | Elf:1    | Entered Level 1 of the Elven Halls
 48174 | Elf:1    | Paralysed by an air elemental for 1 turns
 49085 | Shoals:1 | Bought a +1 hat of intelligence for 208 gold pieces
 50025 | Elf:1    | Paralysed by an air elemental for 1 turns
 50622 | Elf:1    | Got Wuripee's Volume of the Escort
 50630 | Elf:1    | Learned a level 4 spell: Summon Ice Beast
 51218 | Elf:1    | Reached skill level 1 in Ice Magic
 53076 | D:14     | Identified Roxanne's Handbook of Transmutation
 53076 | D:14     | Noticed Roxanne
 53898 | D:14     | Found a gate to the Vaults.
 54142 | D:15     | Entered Level 15 of the Dungeon
 54429 | D:15     | Found a sacrificial altar of Ru.
 54471 | D:15     | Noticed Josephine
 54482 | D:15     | Killed Josephine
 54655 | D:15     | Found a broken altar of Ashenzari.
 55446 | D:15     | Found a staircase to the Depths.
 55567 | D:15     | Reached XP level 17. HP: 123/123 MP: 25/33
 57521 | Shoals:3 | Noticed a kraken
 57529 | Shoals:3 | Killed a kraken
 58049 | Shoals:1 | Killed a kraken
 58660 | Shoals:3 | Noticed a kraken
 58666 | Shoals:3 | Killed a kraken
 59123 | Shoals:4 | Entered Level 4 of the Shoals
 59125 | Shoals:4 | Noticed Louise
 59132 | Shoals:4 | Killed Louise
 59759 | Shoals:4 | Identified the +1 scale mail of Precision Catastrophes
                  | {+Inv rElec Will+}
 60603 | Shoals:4 | Got Lefyaqad's Guide on the Entourage and Unholy Rites
 60640 | Shoals:4 | Reached skill level 5 in Ice Magic
 60948 | Shoals:4 | Reached skill level 15 in Air Magic
 61865 | Shoals:4 | Reached skill level 15 in Transmutations
 61973 | Shoals:4 | Identified the ring "Gaheach" {*Slow rF+ rC++ Str-2 Dex+9}
 63078 | Shoals:4 | Got a barnacled rune of Zot
 64067 | Spider:3 | Identified the +10 morningstar of Dissatisfaction {vorpal,
                  | Str+2 Dex+2 Stlth-}
 64071 | Spider:3 | Identified the +4 shortbow of Wondrous Power {vorpal, rF+
                  | Str+3 Stlth+}
 64320 | Spider:4 | Entered Level 4 of the Spider Nest
 65049 | Spider:4 | Found a large runed translucent door.
 65049 | Spider:4 | Found a large runed translucent door.
 65096 | Spider:4 | Noticed Ecalaupn's ghost (adept DrBe)
 65346 | Spider:4 | Killed Ecalaupn's ghost
 65352 | Spider:4 | Got Ewijo's Guide on Unholy Flight
 65695 | Spider:4 | Reached skill level 10 in Fighting
 65695 | Spider:4 | Reached XP level 18. HP: 132/132 MP: 19/34
 66982 | Spider:4 | Got a gossamer rune of Zot
 68337 | Elf:2    | Paralysed by an air elemental for 1 turns
 69805 | Elf:2    | Reached skill level 5 in Stealth
 69821 | Elf:2    | Found a runed translucent gate.
 69821 | Elf:2    | Found a runed translucent gate.
 69821 | Elf:2    | Found a runed translucent gate.
 71220 | Elf:2    | Reached skill level 10 in Translocations
 71548 | Elf:3    | Entered Level 3 of the Elven Halls
 73352 | Elf:3    | Found Wusm's Book Shoppe.
 73357 | Elf:3    | Bought a manual of Translocations for 1280 gold pieces
 73524 | Elf:3    | Reached XP level 19. HP: 140/141 MP: 15/35
 73623 | Elf:3    | Identified the +4 chain mail "Gynlin" {Dex+3}
 73629 | Elf:3    | Identified the +3 leather armour of Arcadian Leaves
                  | {Rampage Int+6}
 73630 | Elf:3    | Identified the +5 scale mail of Jiotestry {Fly Int+3}
 74968 | Elf:3    | Identified the +5 morningstar of Rytawkue {drain, rElec
                  | rC+}
 75941 | Elf:3    | Identified the ring "Vippuosh" {rElec rN+}
 76325 | Elf:3    | Identified the +6 falchion "Killer Klown's Peril" {freeze,
                  | rElec Will+ Stlth+}
 76882 | Vaults:1 | Entered Level 1 of the Vaults
 77821 | Vaults:1 | HP: 2/144 [vault guard/+0 bardiche[a vault warden] (9)]
 77822 | Vaults:1 | Reached skill level 15 in Unarmed Combat
 79053 | Vaults:2 | Noticed an ancient lich
 79134 | Vaults:2 | Killed from afar by an ancient lich

Illustrated notes

Levels and vault maps discovered:
D:1:      eino_arrival_druids_welcome, layout_basic,
          nicolae_ecumenical_snake_handling, grunt_decor_arrowhead,
          chequers_serial_rivers_micro_d
D:2:      layout_rooms
D:3:      layout_rooms, gammafunk_ghost_split, uniq_jessica
D:4:      layout_cave_pools, cheibrodos_sewer_entry_sluice, serial_shops,
          shop_coins, serial_bayou_pond_e
D:5:      layout_cave_pools, zin_treasury, uniq_crazy_yiuf_cottage
D:6:      layout_layer_cave, serial_bayou_pond_a
D:7:      layout_loops_ring, minmay_temple_entry_stoned_glass, corner_web_ring
D:8:      layout_loops_ring, minmay_starry_boxes, uniq_erica
D:9:      layout_long_grid, led_xom_imps, david_orc_2, gammafunk_ghost_cemetery
D:10:     kennysheep_kobold_lugonu_temple, layout_long_grid,
          nicolae_trove_entry_columns
D:11:     layout_loops_ring, erik_lair_island
D:12:     layout_rooms, minmay_microvault
D:13:     layout_rooms, maelrawn_ghost_gauntlet_escape, dk_noncrumbling_2,
          serial_bayou_pond_b
D:14:     layout_roguey, david_vaults_3, chequers_serial_rivers_small_a,
          uniq_roxanne
D:15:     grunt_enter_depths_magical_seal, layout_irregular_city,
          cheibrodos_ashenzari_chains, nicolae_ru_awakened_eye, uniq_josephine
Temple:   mainiacjoe_temple_cubbyholes
Lair:1:   layout_regular_city, chequers_serial_rivers_small_3,
          lemuel_fruit_tree, grunt_megastairs_5, uniq_nergalle
Lair:2:   layout_regular_city, spider_nest_entry_a
Lair:3:   layout_chaotic_city, minmay_shoals_entry_beasts
Lair:4:   layout_gridlike, serial_forest, infiniplex_forest_end_2,
          infiniplex_forest_clump_small, infiniplex_forest_end_2,
          infiniplex_forest_zigzag_1, infiniplex_forest_end_double,
          infiniplex_forest_clump_tiny, infiniplex_forest_clump_double,
          infiniplex_forest_clump_cross, basic_altar, gauntlet_entry_generic,
          infiniplex_staircase_pool
Lair:5:   layout_layer_cave, eino_small_chamber_without_monster,
          beast_lair_carwin_9, uniq_kirke, uniq_snorg
Lair:6:   grunt_lair_end_beastmaster, layout_regular_city,
          minmay_slime_entry_pillars, chequers_serial_rivers_micro_e,
          serial_bayou_shore_a
Shoals:1: layout_shoals, serial_shops, shop, nicolae_shoals_aquamancer_cove
Shoals:2: layout_shoals, gammafunk_ghost_wrathful_warriors
Shoals:3: layout_shoals, portal_ice_cave_entry_dragon,
          nicolae_shoals_arrival_archipelago, uniq_mara
Shoals:4: shoals_end_grunt_ice, layout_shoals, uniq_louise
Spider:1: layout_spider_delve
Spider:2: layout_chambers, worms_lemuel, hangedman_spider_tarantella_strand
Spider:3: layout_spider_delve, uniq_bai_suzhen
Spider:4: floodkiller_spider_rune_tomb, ebering_ghost_disaster_area,
          nicolae_spider_twisty_arc_passages
Orc:1:    layout_caves, basic_altar, serial_shops, shop, uniq_urug, uniq_fannar
Orc:2:    st_orc_ogre_mass, layout_caves, hangedman_feature_mirror,
          roderic_batcave, minmay_orc_temple_a
Elf:1:    nicolae_elf_arrival_aired_out, layout_loops_corners,
          minmay_elf_demonology
Elf:2:    elven_hall_of_blades_hangedman_original
          [nicolae_blade_entry_antechamber], layout_rooms
Elf:3:    minmay_elf_hall_x, layout_gridlike, serial_shops,
          nicolae_shop_hallway_stairs, nicolae_elf_archery_training,
          hangedman_decor_cross_pass
Vaults:1: v_rooms_4, hangedman_vaults_cutoff, hangedman_vaults_stagger,
          ontoclasm_vaults_hangar, layout_vaults_omnigrid
Vaults:2: minmay_crypt_entry_vampire_xt, nicolae_vaults_ring_of_whatevers,
          vaults_room_pool, hangedman_vaults_maws, v_misc_28,
          nicolae_vaults_lopsided_apartments, v_rooms_6, grunt_vaults_diagonal,
          nicolae_vaults_network_periphery, hangedman_vaults_maws, v_misc_2,
          ontoclasm_vaults_hangar, layout_vaults_omnibox, uniq_aizul

Skill      XL: |  1  2  3  4  5  6  7  8  9 10 11 12 13 14 15 16 17 18 19 |
---------------+----------------------------------------------------------+-----
Air Magic      | 4 5 7 8 9 10 11 12 14 15 16 | 16.1
Unarmed Combat | 3 5 6 7 8 10 12 13 14 15 | 15.0
Fighting       | 3 5 6 8 9 10 11 12 | 12.0
Spellcasting   | 3 5 6 7 8 9 12 13 | 13.2
Dodging        | 3 4 6 7 9 |  9.8
Summonings     | 1 3 4 5 6 7 |  7.4
Stealth        | 3 5 6 |  6.0
Translocations | 4 6 7 9 10 11 | 11.8
Transmutations | 2 7 10 12 14 15 16 | 16.1
Invocations    | 1 6 |  6.0
Ice Magic      | 3 6 |  6.0
Conjurations   | |  1.0

Action                   |  1- 3 |  4- 6 |  7- 9 | 10-12 | 13-15 | 16-18 | 19-21 || total
-------------------------+-------+-------+-------+-------+-------+-------+-------++-------
Melee: Dagger            |    45 |       |       |       |       |       |       ||    45
       Punch             |     1 |       |     2 |    11 |     9 |    24 |     5 ||    52
       Unarmed           |     1 |       |       |       |   103 |   428 |   212 ||   744
       Quarterstaff      |    21 |     4 |       |       |       |       |       ||    25
       Tailslap          |     3 |     5 |     5 |    33 |    23 |    23 |     2 ||    94
       Whip              |       |    46 |    65 |   110 |    13 |       |       ||   234
 Cast: Shock             |    79 |   109 |    79 |       |       |       |       ||   267
       Airstrike         |       |       |   130 |   300 |   851 |   867 |    96 ||  2244
       Call Canine Famil |       |       |       |     1 |       |    32 |     6 ||    39
       Blink             |       |       |       |       |     1 |       |       ||     1
       Swiftness         |       |       |       |       |     1 |       |       ||     1
       Manifold Assault  |       |       |       |       |       |    96 |   101 ||   197
       Summon Ice Beast  |       |       |       |       |       |    35 |     6 ||    41
       Storm Form        |       |       |       |       |       |    33 |    20 ||    53
       Apportation       |       |       |       |       |       |     1 |       ||     1
Invok: Recall Ancestor   |       |       |     1 |     6 |    20 |    17 |     2 ||    46
       Ancestor Identity |       |       |     1 |       |       |       |       ||     1
       Ancestor Life: Kn |       |       |       |     1 |       |       |       ||     1
 Abil: Breathe Noxious F |       |       |     1 |    13 |     9 |     4 |       ||    27
Evoke: Wand              |       |       |       |     2 |       |       |       ||     2
  Use: Scroll            |       |       |    12 |    10 |     1 |     8 |       ||    31
       Potion            |       |       |       |     3 |       |     1 |       ||     4
 Stab: Confused          |       |       |       |     4 |       |       |       ||     4
       Distracted        |       |       |       |       |       |     7 |     2 ||     9
Armor: Skin              |    28 |    19 |    36 |    64 |   301 |   120 |    11 ||   579
Dodge: Dodged            |    40 |    37 |    65 |   121 |   370 |   257 |    34 ||   924
